 Dungeon Crawl Stone Soup version 0.30.1-4-g462c640d31 (webtiles) character file.

Game seed: 18152112095312492595

72 ChiefBigBeans the Ducker (level 4, 0/35 HPs)
             Began as a Merfolk Gladiator on Sept 7, 2023.
             Constricted to death by Ijyb (6 damage)
             ... on level 3 of the Dungeon.
             The game lasted 00:04:20 (1353 turns).

ChiefBigBeans the Ducker (Merfolk Gladiator)        Turns: 1353, Time: 00:04:20

Health: 0/35       AC:  8    Str: 14    XL:     4   Next: 25%
Magic:  4/4        EV: 11    Int:  7    God:
Gold:   147        SH:  0    Dex: 17    Spells: 3/3 levels left

rFire   . . .        a - +0 trident (chaos)
rCold   . . .        (no shield)
rNeg    . . .        b - +0 leather armour
rPois   .            c - +0 helmet
rElec   .            q - +0 cloak
rCorr   .            j - +1 pair of gloves
SInv    .            k - +0 pair of boots
Will    .....        (no amulet)
Stlth   +            (no ring)
HPRegen 0.25/turn    (no ring)
MPRegen 0.09/turn

%: no passive effects
@: lethally poisoned (0 -> -5), grasped by roots, constricted
A: (nimble swimmer 2), mertail
a: no special abilities


You were on level 3 of the Dungeon.
You visited 1 branch of the dungeon, and saw 3 of its levels.

You collected 147 gold pieces.

Inventory:

Hand Weapons
 a - a +0 trident of chaos (weapon)
Armour
 b - a +0 leather armour (worn)
 c - a +0 helmet (worn)
 j - a +1 pair of gloves (worn)
 k - a +0 pair of boots (worn)
 q - a +0 cloak (worn)
Scrolls
 d - a scroll of torment {unknown}
 f - a scroll of immolation
 h - a scroll of magic mapping {unknown}
 l - a scroll of identify
 n - a scroll of teleportation {unknown}
 p - a scroll of amnesia {unknown}
Potions
 g - a potion of invisibility {unknown}
 i - a potion of attraction {unknown}
 m - 2 potions of cancellation {unknown}
 o - a potion of mutation {unknown}


   Skills:
 + Level 3.0 Fighting
 + Level 4.7 Polearms
 + Level 2.8 Throwing
 + Level 4.7 Dodging


You had 3 spell levels left.
You didn't know any spells.
Your spell library contained the following spells:

 Spells                   Type           Power      Damage    Failure   Level
 Leda's Liquefaction      Hex/Erth       0%         N/A       99%         4
 Lee's Rapid Deconstruct  Erth           0%         3d4*      100%        5
 Statue Form              Tmut/Erth      0%         N/A       100%        6


Dungeon Overview and Level Annotations

Branches:
Dungeon (3/15)

Altars:

Annotations:
D:3 Ijyb


Innate Abilities, Weirdness & Mutations

((You are very nimble when in or above water. (Stealth+, EV+, Speed+++)))
Your lower body shifts to a powerful aquatic tail in water.


Message History

You hit Ijyb but do no damage.
Ijyb is heavily wounded.
The adder barely misses you. Ijyb hits you but does no damage.
The endoplasm closely misses you. The adder closely misses you.
You closely miss Ijyb.
Ijyb is heavily wounded.
Ijyb closely misses you. The endoplasm freezes you.
You are frozen.
The adder barely misses you.
You barely miss Ijyb.
Ijyb is heavily wounded.
Ijyb hits you with a +0 dagger. The adder closely misses you.
The endoplasm barely misses you.
You barely miss Ijyb.
Ijyb is heavily wounded.
The adder bites you but does no damage. Ijyb hits you but does no damage.
The endoplasm freezes you.
You are frozen.
The adder bites you but does no damage. Ijyb hits you but does no damage.
You are too injured to fight recklessly!
You are too injured to fight recklessly!
You are too injured to fight recklessly!
You are too injured to fight recklessly!
You closely miss Ijyb.
Ijyb is heavily wounded.
The endoplasm misses you. The adder barely misses you.
Ijyb zaps a wand.
The roots erupt in riotous growth!
The grasping roots grab you!
The endoplasm is unaffected.
Ijyb is unaffected.
The adder is unaffected.
The grasping roots constrict you.
You closely miss Ijyb. You punch Ijyb, but do no damage.
Ijyb is heavily wounded.
The adder bites you.
* * * LOW HITPOINT WARNING * * *
You are poisoned.
The adder poisons you! The endoplasm closely misses you.
Ijyb hits you with a +0 dagger.
* * * LOW HITPOINT WARNING * * *
The grasping roots constrict you.
You die...

........#
........#
$.......#
........##
.........# #
.........#.#
.......J...#
#..@...#
#..gS..#
#..........
#......#.##
#......# #
#((....#
######.# .#


You could see Ijyb, an adder and an endoplasm.

Vanquished Creatures
  An adder (D:2)
  A dart slug (D:2)
  3 ball pythons
  7 bats
  5 endoplasms
  2 giant cockroaches
  10 goblins
  5 hobgoblins
  4 jackals (D:1)
  6 kobolds
  A quokka (D:1)
  4 frilled lizards
  6 rats
55 creatures vanquished.

Notes
Turn   | Place    | Note
-------+----------+-------------------------------------------
     0 | D:1      | ChiefBigBeans the Merfolk Gladiator began the quest for the
                  | Orb.
     0 | D:1      | Reached XP level 1. HP: 16/16 MP: 1/1
   165 | D:1      | Reached XP level 2. HP: 23/23 MP: 2/2
   375 | D:1      | Reached XP level 3. HP: 28/28 MP: 3/3
  1001 | D:2      | Reached XP level 4. HP: 35/35 MP: 4/4
  1337 | D:3      | Noticed Ijyb
  1353 | D:3      | Constricted to death by Ijyb

Illustrated notes

Levels and vault maps discovered:
D:1:      psy_arrival_terrarium, layout_loops_ring, item_on_display_a
D:2:      kennysheep_the_goblin_king, layout_rooms
D:3:      layout_basic, nemelex_spade_bored_becter, general_overflow_altar,
          serial_glass, glass_columns_a, glass_columns_c,
          chequers_serial_rivers_room_b, uniq_ijyb

Skill      XL: |  1  2  3 |
---------------+----------+-----
Fighting       | 3 |  3.0
Polearms       | |  4.7
Throwing       | |  2.8
Dodging        | |  4.7

Action                     |  1- 3 |  4- 6 || total
---------------------------+-------+-------++-------
  Melee: Trident           |   121 |    29 ||   150
         Punch             |     2 |     1 ||     3
  Throw: Javelin           |    20 |    11 ||    31
         Throwing net      |     3 |       ||     3
    Use: Scroll            |     4 |       ||     4
   Stab: Held in net/web   |     1 |       ||     1
 Armour: Leather armour    |    21 |    12 ||    33
  Dodge: Dodged            |    84 |    23 ||   107
